TOP OF THE 1ST |
Miami Hurricanes batting - Pitching for California Golden Bears : RHP Vic Curtis
|
Pitching: RHP Vic Curtis
|
|
Batting: LHB Joe Joyce
|
0-0: Called Strike 0-1: Ball 1-1: Foul Ball, location: 2F 1-2: Ground out U3 (Groundball, 3)
|
Batting: LHB Reginald Rush
|
0-0: Ground out 4-3 (Groundball, 4)
|
Batting: RHB Eric Hawkins
|
0-0: Swinging Strike 0-1: Ball 1-1: Foul Ball, location: 2F 1-2: Ground out 4-3 (Groundball, 4)
|
Top of the 1st over - 0 run(s), 0 hit(s), 0 error(s), 0 left on base; Miami 0 - California 0 |
BOTTOM OF THE 1ST |
California Golden Bears batting - Pitching for Miami Hurricanes : RHP Mike Davis
|
Pitching: RHP Mike Davis
|
|
Batting: RHB Bob Cooper
|
0-0: Ground out 5-3 (Groundball, 56)
|
Batting: RHB Johnny Phillips
|
0-0: Ball 1-0: Ball 2-0: Ball 3-0: Called Strike 3-1: Called Strike 3-2: Base on Balls
|
Batting: RHB Ed Crockett
|
0-0: Called Strike Johnny Phillips steals 2nd base 0-1: Ground out 5-3 (Groundball, 5L)
|
Batting: RHB Sergio González
|
0-0: Swinging Strike 0-1: Swinging Strike 0-2: Ball 1-2: SINGLE (Groundball, 6MD) Johnny Phillips to third Runner from 3rd tries for Home, SAFE, no throw
|
Batting: RHB Miguel Angel Díaz
|
Pickoff Throw to First - Out!
|
Bottom of the 1st over - 1 run(s), 1 hit(s), 0 error(s), 0 left on base; Miami 0 - California 1 |
TOP OF THE 2ND |
Miami Hurricanes batting - Pitching for California Golden Bears : RHP Vic Curtis
|
Batting: LHB Andrew Holt
|
0-0: Ball 1-0: SINGLE (Groundball, 34D)
|
Batting: RHB Miguel Murillo
|
0-0: Called Strike 0-1: SINGLE (Groundball, 34D) Andrew Holt to second Runner from 2nd tries for 3rd, SAFE, throw made to third
|
Batting: RHB Freddy Dobson
|
0-0: Ball 1-0: Grounds into double play, 6-4-3 (Groundball, 6) Andrew Holt scores
|
Batting: RHB Dan Nevárez
|
0-0: Ball 1-0: Called Strike 1-1: Swinging Strike 1-2: Ball 2-2: Strikes out swinging
|
Top of the 2nd over - 1 run(s), 2 hit(s), 0 error(s), 0 left on base; Miami 1 - California 1 |
BOTTOM OF THE 2ND |
California Golden Bears batting - Pitching for Miami Hurricanes : RHP Mike Davis
|
Batting: RHB Miguel Angel Díaz
|
0-0: Ball 1-0: Called Strike 1-1: Ball 2-1: SINGLE (Groundball, 6MD)
|
Batting: RHB Daniel Moody
|
0-0: Called Strike 0-1: Ball 1-1: Ball 2-1: Swinging Strike 2-2: Ball 3-2: Foul Ball, location: 2F 3-2: Base on Balls Miguel Angel Díaz to second
|
Batting: RHB Greg Taylor
|
0-0: Fly out, F5 (Line Drive, 5)
|
Batting: RHB Cal Cox
|
0-0: Foul Ball, location: 2F 0-1: Ball 1-1: SINGLE (Groundball, 4MD) Miguel Angel Díaz to third Daniel Moody to second
|
Batting: RHB Mike Ratzlaff
|
0-0: Ball 1-0: Called Strike 1-1: Foul Ball, location: 2F 1-2: Fly out, F2 (Popup, 25)
|
Batting: RHB Bob Cooper
|
0-0: Fielders Choice at 2nd, 4-6 (Groundball, 4)
|
Bottom of the 2nd over - 0 run(s), 2 hit(s), 0 error(s), 2 left on base; Miami 1 - California 1 |
TOP OF THE 3RD |
Miami Hurricanes batting - Pitching for California Golden Bears : RHP Vic Curtis
|
Batting: RHB Kevin Magee
|
0-0: Foul Ball, location: 2F 0-1: Called Strike 0-2: Ball 1-2: SINGLE (Line Drive, 8RS)
|
Batting: RHB A.C. Carlson
|
0-0: Ball 1-0: Ball 2-0: Ball 3-0: Base on Balls Kevin Magee to second
|
Batting: LHB Joe Joyce
|
0-0: Called Strike 0-1: Foul Ball, location: 2F 0-2: Strikes out looking
|
Batting: LHB Reginald Rush
|
0-0: Grounds into double play, 4-6-3 (Groundball, 4)
|
Top of the 3rd over - 0 run(s), 1 hit(s), 0 error(s), 1 left on base; Miami 1 - California 1 |
BOTTOM OF THE 3RD |
California Golden Bears batting - Pitching for Miami Hurricanes : RHP Mike Davis
|
Batting: RHB Johnny Phillips
|
0-0: Called Strike 0-1: Called Strike 0-2: Ball 1-2: SINGLE (Groundball, 6MD)
|
Batting: RHB Ed Crockett
|
0-0: Called Strike 0-1: Ball 1-1: Called Strike 1-2: Ball 2-2: Ball 3-2: Base on Balls Johnny Phillips to second
|
Batting: RHB Sergio González
|
0-0: Called Strike 0-1: Ball 1-1: Grounds into double play, 5-4-3 (Groundball, 5) Johnny Phillips to third
|
Batting: RHB Miguel Angel Díaz
|
0-0: Ball 1-0: Called Strike 1-1: Foul Ball, location: 2F 1-2: Foul Ball, location: 2F 1-2: Foul Ball, location: 2F 1-2: Fly out, F7 (Flyball, 7)
|
Bottom of the 3rd over - 0 run(s), 1 hit(s), 0 error(s), 1 left on base; Miami 1 - California 1 |
TOP OF THE 4TH |
Miami Hurricanes batting - Pitching for California Golden Bears : RHP Vic Curtis
|
Batting: RHB Eric Hawkins
|
0-0: Foul Ball, location: 2F 0-1: Ball 1-1: Ball 2-1: Swinging Strike 2-2: Ball 3-2: Strikes out looking
|
Batting: LHB Andrew Holt
|
0-0: Called Strike 0-1: Foul Ball, location: 2F 0-2: Foul Ball, location: 2F 0-2: Hit by Pitch
|
Batting: RHB Miguel Murillo
|
0-0: Called Strike 0-1: Called Strike 0-2: Strikes out swinging
|
Batting: RHB Freddy Dobson
|
0-0: Fly out, F8 (Flyball, 8RM)
|
Top of the 4th over - 0 run(s), 0 hit(s), 0 error(s), 1 left on base; Miami 1 - California 1 |
BOTTOM OF THE 4TH |
California Golden Bears batting - Pitching for Miami Hurricanes : RHP Mike Davis
|
Batting: RHB Daniel Moody
|
0-0: Called Strike 0-1: Foul Ball, location: 2F 0-2: SINGLE (Groundball, 6D)
|
Batting: RHB Greg Taylor
|
0-0: Ball 1-0: Ball 2-0: Ball 3-0: Base on Balls Daniel Moody to second
|
Batting: RHB Cal Cox
|
0-0: Swinging Strike 0-1: Called Strike 0-2: Ball 1-2: Foul Ball, location: 2F 1-2: Foul Ball, location: 2F 1-2: Strikes out swinging
|
Batting: RHB Mike Ratzlaff
|
0-0: Fielders Choice at 2nd, 3-6 (Groundball, 34) Daniel Moody to third
|
Batting: RHB Bob Cooper
|
0-0: Ball 1-0: Called Strike 1-1: Ground out U3 (Groundball, 34)
|
Bottom of the 4th over - 0 run(s), 1 hit(s), 0 error(s), 2 left on base; Miami 1 - California 1 |
TOP OF THE 5TH |
Miami Hurricanes batting - Pitching for California Golden Bears : RHP Vic Curtis
|
Batting: RHB Dan Nevárez
|
0-0: Foul Ball, location: 2F 0-1: Foul Ball, location: 2F 0-2: Strikes out swinging
|
Batting: RHB Kevin Magee
|
0-0: Called Strike 0-1: Ball 1-1: Fly out, F9 (Flyball, 9)
|
Batting: RHB A.C. Carlson
|
0-0: Foul Ball, location: 2F 0-1: Ball 1-1: Fly out, F7 (Flyball, 7)
|
Top of the 5th over - 0 run(s), 0 hit(s), 0 error(s), 0 left on base; Miami 1 - California 1 |
BOTTOM OF THE 5TH |
California Golden Bears batting - Pitching for Miami Hurricanes : RHP Mike Davis
|
Batting: RHB Johnny Phillips
|
0-0: Called Strike 0-1: Ball 1-1: Swinging Strike 1-2: Ball 2-2: Ball 3-2: Strikes out swinging
|
Batting: RHB Ed Crockett
|
0-0: Ball 1-0: Swinging Strike 1-1: Foul Ball, location: 2F 1-2: Foul Ball, location: 2F 1-2: SINGLE (Groundball, 56S) (infield hit)
|
Pitching: RHP Bartolo Delvalle
|
|
Batting: RHB Sergio González
|
0-0: Foul Ball, location: 2F 0-1: Ball 1-1: Ball 2-1: Swinging Strike 2-2: Ball 3-2: Foul Ball, location: 2F 3-2: SINGLE (Flyball, 78S) Ed Crockett to second
|
Batting: RHB Miguel Angel Díaz
|
0-0: Ball 1-0: 3-RUN HOME RUN (Flyball, 78XD), Distance : 368 ft
|
Batting: RHB Daniel Moody
|
0-0: Called Strike 0-1: Ball 1-1: Ball 2-1: Foul Ball, location: 2F 2-2: Ball 3-2: Base on Balls
|
Batting: RHB Greg Taylor
|
0-0: Ball 1-0: Ball 2-0: Ball 3-0: Base on Balls Daniel Moody to second
|
Batting: RHB Cal Cox
|
0-0: Fly out, F3 (Popup, 3S)
|
Batting: RHB Mike Ratzlaff
|
0-0: Ball 1-0: Ball 2-0: Ball 3-0: Base on Balls Daniel Moody to third Greg Taylor to second
|
Batting: RHB Bob Cooper
|
0-0: GRAND SLAM HOME RUN (Line Drive, 7LD), Distance : 343 ft
|
Batting: RHB Johnny Phillips
|
0-0: Ball 1-0: Ball 2-0: Ball 3-0: Base on Balls
|
Pitching: LHP Juan Varela
|
|
Batting: RHB Ed Crockett
|
0-0: Called Strike 0-1: Ball 1-1: Called Strike 1-2: Ball 2-2: Fielders Choice at 2nd, 4-6 (Groundball, 4)
|
Bottom of the 5th over - 7 run(s), 4 hit(s), 0 error(s), 0 left on base; Miami 1 - California 8 |
TOP OF THE 6TH |
Miami Hurricanes batting - Pitching for California Golden Bears : RHP Vic Curtis
|
Batting: LHB Joe Joyce
|
0-0: Ball 1-0: Ball 2-0: Foul Ball, location: 2F 2-1: SINGLE (Groundball, 34D)
|
Batting: LHB Reginald Rush
|
0-0: Ball 1-0: Ball 2-0: Fielders Choice at 2nd, 6-4 (Groundball, 6M)
|
Batting: RHB Eric Hawkins
|
0-0: Called Strike 0-1: Ball 1-1: SINGLE (Flyball, 9S) Reginald Rush to second Runner from 2nd tries for 3rd, SAFE, throw made to third
|
Batting: LHB Andrew Holt
|
0-0: Ball 1-0: Swinging Strike 1-1: Called Strike 1-2: Ball 2-2: Strikes out swinging
|
Batting: RHB Miguel Murillo
|
0-0: Called Strike 0-1: Ball 1-1: Foul Ball, location: 2F 1-2: Ball 2-2: Fly out, F8 (Flyball, 8LS)
|
Top of the 6th over - 0 run(s), 2 hit(s), 0 error(s), 2 left on base; Miami 1 - California 8 |
BOTTOM OF THE 6TH |
California Golden Bears batting - Pitching for Miami Hurricanes : LHP Juan Varela
|
Batting: RHB Sergio González
|
0-0: Foul Ball, location: 2F 0-1: SINGLE (Flyball, 89M)
|
Batting: RHB Miguel Angel Díaz
|
0-0: Foul Ball, location: 2F 0-1: Foul Ball, location: 2F 0-2: Ball 1-2: Ground out 5-3 (Groundball, 56S) Sergio González to second
|
Batting: RHB Daniel Moody
|
0-0: Called Strike 0-1: Fly out, F7 (Line Drive, 7)
|
Batting: RHB Greg Taylor
|
0-0: Ball 1-0: Foul Ball, location: 2F 1-1: Ball 2-1: Called Strike 2-2: Foul Ball, location: 2F 2-2: Strikes out looking
|
Bottom of the 6th over - 0 run(s), 1 hit(s), 0 error(s), 1 left on base; Miami 1 - California 8 |
TOP OF THE 7TH |
Miami Hurricanes batting - Pitching for California Golden Bears : RHP Vic Curtis
|
Batting: RHB Freddy Dobson
|
0-0: Ground out 6-3 (Groundball, 6)
|
Batting: RHB Dan Nevárez
|
0-0: Ball 1-0: Called Strike 1-1: SINGLE (Line Drive, 7S)
|
Batting: RHB Kevin Magee
|
0-0: 2-RUN HOME RUN (Flyball, 7D), Distance : 369 ft
|
Pitching: RHP Darrell Barnett
|
|
Batting: RHB A.C. Carlson
|
0-0: Ball 1-0: Ball 2-0: Ball 3-0: Base on Balls
|
Batting: LHB Joe Joyce
|
0-0: Ball 1-0: Called Strike 1-1: Ball 2-1: Swinging Strike 2-2: Ball 3-2: Foul Ball, location: 2F 3-2: Grounds into double play, 4-6-3 (Groundball, 4)
|
Top of the 7th over - 2 run(s), 2 hit(s), 0 error(s), 0 left on base; Miami 3 - California 8 |
BOTTOM OF THE 7TH |
California Golden Bears batting - Pitching for Miami Hurricanes : LHP Juan Varela
|
Batting: RHB Cal Cox
|
0-0: Ball 1-0: Ball 2-0: Ball 3-0: Called Strike 3-1: SINGLE (Flyball, 9LS)
|
Batting: RHB Mike Ratzlaff
|
0-0: Called Strike 0-1: Ball 1-1: Ball 2-1: Fly out, F9 (Flyball, 9LM)
|
Batting: RHB Bob Cooper
|
0-0: Called Strike 0-1: Called Strike 0-2: Strikes out swinging
|
Batting: RHB Johnny Phillips
|
0-0: Called Strike 0-1: Ball Cal Cox is caught stealing 2nd base
|
Bottom of the 7th over - 0 run(s), 1 hit(s), 0 error(s), 0 left on base; Miami 3 - California 8 |
TOP OF THE 8TH |
Miami Hurricanes batting - Pitching for California Golden Bears : RHP Darrell Barnett
|
Batting: LHB Reginald Rush
|
0-0: Ball 1-0: Called Strike 1-1: Foul Ball, location: 2F 1-2: Ball 2-2: Ball 3-2: Base on Balls
|
Batting: RHB Eric Hawkins
|
0-0: Ball 1-0: Foul Ball, location: 2F 1-1: Foul Ball, location: 2F 1-2: Grounds into double play, 6-4-3 (Groundball, 56)
|
Batting: LHB Andrew Holt
|
0-0: Foul Ball, location: 2F 0-1: Swinging Strike 0-2: Strikes out swinging
|
Top of the 8th over - 0 run(s), 0 hit(s), 0 error(s), 0 left on base; Miami 3 - California 8 |
BOTTOM OF THE 8TH |
California Golden Bears batting - Pitching for Miami Hurricanes : LHP Juan Varela
|
Batting: RHB Johnny Phillips
|
0-0: Called Strike 0-1: Swinging Strike 0-2: Ball 1-2: Ball 2-2: Ball 3-2: Fly out, F5 (Line Drive, 56)
|
Batting: RHB Ed Crockett
|
0-0: Called Strike 0-1: Foul Ball, location: 2F 0-2: Strikes out swinging
|
Pitching: LHP Flint Alonso
|
|
Batting: RHB Sergio González
|
0-0: Ball 1-0: Ball 2-0: Called Strike 2-1: Ball 3-1: Base on Balls
|
Batting: RHB Miguel Angel Díaz
|
0-0: Foul Ball, location: 2F 0-1: Ball 1-1: Ball 2-1: Foul Ball, location: 2F 2-2: Ball 3-2: 2-RUN HOME RUN (Flyball, 8RXD), Distance : 399 ft
|
Batting: RHB Daniel Moody
|
0-0: Fly out, F9 (Flyball, 9)
|
Bottom of the 8th over - 2 run(s), 1 hit(s), 0 error(s), 0 left on base; Miami 3 - California 10 |
TOP OF THE 9TH |
Miami Hurricanes batting - Pitching for California Golden Bears : RHP Darrell Barnett
|
Batting: RHB Miguel Murillo
|
0-0: Swinging Strike 0-1: SINGLE (Line Drive, 5)
|
Batting: RHB Freddy Dobson
|
0-0: Ball 1-0: Called Strike 1-1: Called Strike 1-2: Foul Ball, location: 2F 1-2: Strikes out looking
|
Batting: RHB Dan Nevárez
|
0-0: Called Strike 0-1: Foul Ball, location: 2F 0-2: Strikes out swinging
|
Batting: RHB Kevin Magee
|
0-0: Called Strike 0-1: Ball 1-1: Called Strike 1-2: Ball 2-2: Strikes out looking
|
Top of the 9th over - 0 run(s), 1 hit(s), 0 error(s), 1 left on base; Miami 3 - California 10 |
|